 Dungeon Crawl Stone Soup version 0.29.1-2-gbd0b4ee654 (webtiles) character file.

Game seed: 6831796189999229624

280 zeram the Covert (level 6, 0/39 (41) HPs)
             Began as an Octopode Brigand on Nov 11, 2022.
             Was an Initiate of Gozag.
             Slain by a quokka (4 damage)
             ... on level 4 of the Dungeon.
             The game lasted 00:06:48 (5141 turns).

zeram the Covert (Octopode Brigand)                 Turns: 5141, Time: 00:06:49

HP:   0/39 (41)     AC:  1    Str: 10    XL:     6   Next: 27%
MP:   0/7           EV: 13    Int: 16    God:    Gozag
Gold: 159           SH:  0    Dex: 13    Spells: 6/6 levels left

rFire   . . .      SeeInvis +   a - +2 dagger (spect)
rCold   . . .      Faith    .   (no shield)
rNeg    . . .      Spirit   +   (helmet restricted)
rPois   .          Reflect  .   s - amulet of guardian spirit
rElec   .          Harm     .   m - ring of see invisible
rCorr   .          Rampage  .   (no ring)
Will    .....                   (no ring)
Stlth   +++++.....              (no ring)
HPRegen 0.13/turn               (no ring)
MPRegen 0.10/turn               (no ring)
                                (no ring)
                                (no ring)

@: about to teleport, lightly drained
A: almost no armour, amphibious, 8 rings, camouflage 1, gelatinous body 1,
(nimble swimmer 1), tentacles
a: Renounce Religion, Potion Petition, Call Merchant, Bribe Branch


You were on level 4 of the Dungeon.
You worshipped Gozag.
Gozag was aware of your devotion.
You visited 2 branches of the dungeon, and saw 5 of its levels.

You collected 246 gold pieces.
You paid 87 gold pieces to Gozag.

Inventory:

Hand Weapons
 a - a +2 spectral dagger (weapon)
Missiles
 b - 18 poisoned darts (quivered)
 c - 3 curare-tipped darts
 f - a throwing net
 g - 2 datura-tipped darts
 i - 2 atropa-tipped darts
Jewellery
 m - a ring of see invisible (left tentacle)
 s - an amulet of guardian spirit (around mantle)
Wands
 p - a wand of paralysis (10)
Scrolls
 e - 4 scrolls of blinking
Potions
 d - 2 potions of cancellation
 h - 2 potions of haste
 j - a potion of mutation {unknown}
 k - a potion of invisibility {unknown}
 l - a potion of degeneration {unknown}
 n - a potion of resistance {unknown}
 q - a potion of might {unknown}
 t - 2 potions of berserk rage {unknown}


   Skills:
 + Level 2.9 Fighting
 + Level 3.4 Short Blades
 + Level 2.1 Throwing
 + Level 2.1 Dodging
 + Level 8.0 Stealth
 * Level 0.9 Spellcasting


You had 6 spell levels left.
You didn't know any spells.
Your spell library contained the following spells:

 Spells                   Type           Power      Damage    Failure   Level
 Beastly Appendage        Tmut           0%         N/A       24%         1
 Wereblood                Tmut           0%         N/A       34%         2
 Spider Form              Tmut/Pois      0%         N/A       56%         3


Dungeon Overview and Level Annotations

Branches:
Dungeon (4/15)             Temple (1/1) D:4

Altars:
Cheibriados
Elyvilon
Fedhas
Gozag
Hepliaklqana
Makhleb
Nemelex Xobeh
Okawaru
Qazlal
Ru
Sif Muna
Trog
Uskayaw
Vehumet
Wu Jian
Zin

Shops:
D:1 ?


Innate Abilities, Weirdness & Mutations

You cannot wear most types of armour.
You are amphibious.
You can wear up to eight rings at the same time.
Your skin changes colour to match your surroundings (Stealth+).
Your rubbery body absorbs attacks. (AC +1, EV +1)
((You are camouflaged when in or above water. (Stealth+)))
You have tentacles for arms and can constrict up to eight enemies at once.


Message History

Found 5 poisoned darts.
The helpless kobold fails to defend itself.
You spit the kobold like a pig!!!
You kill the kobold!
Your Stealth skill increases to level 8!
No target in view!
You now have 159 gold pieces (gained 6).
You see here a +0 whip.
b - 18 poisoned darts (gained 5)
You open the door.
An orc comes into view. It is wielding a +0 short sword.
An orc is nearby!
An orc is nearby!
An orc is nearby!
There is an open door here. 3 wights come into view.
Found a stone staircase leading up.
A quokka comes into view.
The wight hits you with a +2 spear!
You hit the wight but do no damage. Your grab misses the wight.
You squeeze the wight.
The wight is lightly damaged.
Your +2 spectral dagger hits the wight!
The wight hits you with a +2 spear!
You feel drained.
You are too injured to fight recklessly!
You are too injured to fight recklessly!
Unknown command.
The wight hits you from afar with a +2 spear!
As you read the scroll of teleportation, it crumbles to dust.
You feel strangely unstable. The wight hits you with a +0 war axe.
* * * LOW HITPOINT WARNING * * *
The wight hits you from afar with a +2 spear!
* * * LOW HITPOINT WARNING * * *
You feel drained.
* * * LOW HITPOINT WARNING * * *
The orc hits you with a +0 short sword.
* * * LOW HITPOINT WARNING * * *
The quokka bites you.
You die...
Your body crumbles into a pile of gold.

######## ..#
#......########### ..#
#......#.........# ..#
#......#........<# ..#
#......#.........# ..#
#......#..z......# ..#
#......'.@zoz...# ..#
#......#..r.....##
..######....).#.........#
.........######.........#
.........# #.........#
.........# #.........#
.........# #........##
.........# #........#
.........# #.........


You could see 3 wights, an orc and a quokka.

Vanquished Creatures
  A black bear (D:4)
  Ijyb (D:3)
  Robin (D:3)
  4 gnolls
  2 adders
  An ufetubus (D:4)
  An adder skeleton (D:2)
  A dart slug (D:2)
  A worm (D:3)
  An orc (D:4)
  A bat zombie (D:2)
  4 endoplasms
  4 giant cockroaches
  15 goblins
  11 hobgoblins
  2 quokkas
  8 ball pythons
  A ball python skeleton (D:2)
  3 bats
  4 frilled lizards
  A giant cockroach zombie (D:2)
  11 kobolds
  A quokka skeleton (D:2)
  5 rats
85 creatures vanquished.

Vanquished Creatures (others)
  A withered plant (D:2)
1 creature vanquished.

Grand Total: 86 creatures vanquished

Notes
Turn   | Place    | Note
-------+----------+-------------------------------------------
     0 | D:1      | zeram the Octopode Brigand began the quest for the Orb.
     0 | D:1      | Reached XP level 1. HP: 14/14 MP: 1/1
    69 | D:1      | Found Tudaymi's Magic Scroll Emporium.
   316 | D:1      | Reached XP level 2. HP: 19/19 MP: 2/2
   799 | D:1      | Reached skill level 6 in Stealth
   916 | D:1      | Reached XP level 3. HP: 19/24 MP: 3/3
  1959 | D:1      | Reached XP level 4. HP: 30/30 MP: 4/4
  3301 | D:3      | Noticed Robin
  3306 | D:3      | Reached XP level 5. HP: 35/35 MP: 5/5
  3308 | D:3      | Killed Robin
  3309 | D:3      | Reached skill level 7 in Stealth
  3832 | D:3      | Noticed Ijyb
  3839 | D:3      | Killed Ijyb
  4434 | D:4      | Found a staircase to the Ecumenical Temple.
  4447 | D:4      | Noticed a black bear
  4459 | D:4      | Killed a black bear
  4460 | D:4      | Reached XP level 6. HP: 15/41 MP: 2/7
  4467 | Temple   | Entered the Ecumenical Temple
  4952 | Temple   | Became a worshipper of Gozag Ym Sagoz the Greedy
  5116 | D:4      | Reached skill level 8 in Stealth
  5141 | D:4      | Slain by a quokka

Illustrated notes

Levels and vault maps discovered:
D:1:      nzn_arrival_depleted_hourglass, layout_basic, serial_shops, shop,
          minmay_quantized
D:2:      layout_loops_ring, serial_undead, serial_undead_b, serial_undead_d,
          serial_undead_d, serial_undead_d, minmay_fractal_squares_gapless_5
D:3:      layout_basic, minmay_misc_feat_roman, uniq_ijyb, uniq_robin
D:4:      cheibrodos_quashed, layout_gridville, temple_pool_b
Temple:   minmay_temple_bridge_d

Skill      XL: |  1  2  3  4  5  6 |
---------------+-------------------+-----
Stealth        | 6 7 8 |  8.0
Dodging        | 2 |  2.1
Short Blades   | 3 |  3.4
Fighting       | |  2.9
Throwing       | |  2.1
Spellcasting   | |  0.9

Action                   |  1- 3 |  4- 6 || total
-------------------------+-------+-------++-------
Melee: Dagger            |    72 |    72 ||   144
       Constrict         |    20 |    20 ||    40
       Tentacles         |    14 |    14 ||    28
       Punch             |     2 |       ||     2
Evoke: Wand              |       |     1 ||     1
  Use: Scroll            |     7 |     4 ||    11
       Potion            |       |     1 ||     1
 Stab: Sleeping          |     9 |    17 ||    26
       Distracted        |       |     1 ||     1
       Paralysed         |       |     1 ||     1
Armor: Skin              |     4 |     7 ||    11
Dodge: Dodged            |    35 |    40 ||    75
